 Seeded DCSS version 0.30.1-6-gbe392663c4 (webtiles) character file.

Game seed: 16875543565919192176 (custom seed)

182 Psyclone the Chiller (level 5, 0/31 HPs)
             Began as an Octopode Ice Elementalist on Sept 20, 2023.
             Slain by a phantom (2 damage)
             ... on level 4 of the Dungeon.
             The game lasted 00:07:51 (2241 turns).

Psyclone the Chiller (Octopode Ice Elementalist)    Turns: 2241, Time: 00:07:52

Health: 0/31       AC:  4    Str:  6    XL:     5   Next: 61%
Magic:  4/8        EV: 13    Int: 27    God:
Gold:   174        SH:  0    Dex:  9    Spells: 2/8 levels left

rFire   x x x        k - +0 dagger
rCold   + + +        (no shield)
rNeg    . . .        (helmet restricted)
rPois   +            (no amulet)
rElec   .            c - ring "Hegaahoc" {Ice Stlth+}
rCorr   .            d - ring of Motirroe {Ice Int+4 Dex-3}
SInv    +            e - +3 ring of protection
Will    .....        o - ring of ice
Stlth   +++++        (no ring)
HPRegen 0.25/turn    (no ring)
MPRegen 0.11/turn    (no ring)
                     (no ring)

%: no passive effects
@: no status effects
A: almost no armour, amphibious, 8 rings, camouflage 1, gelatinous body 1,
(nimble swimmer 1), tentacles, see invisible, clever 1, poison resistance
a: no special abilities


You were on level 4 of the Dungeon.
You visited 1 branch of the dungeon, and saw 4 of its levels.

You collected 1073 gold pieces.
You spent 899 gold pieces at shops.

Inventory:

Hand Weapons
 k - a +0 dagger (weapon)
Armour
 q - a +0 buckler
Jewellery
 c - the ring "Hegaahoc" (left tentacle) {Ice Stlth+}
   (You bought it in a shop on level 1 of the Dungeon)

   [ring of ice]

   It enhances your ice magic.
   rF:        It makes you vulnerable to fire.
   rC:        It protects you from cold.
   Stlth:     It makes you more stealthy.
 d - the ring of Motirroe (right tentacle) {Ice Int+4 Dex-3}
   (You bought it in a shop on level 1 of the Dungeon)

   [ring of ice]

   It enhances your ice magic.
   Int:       It affects your intelligence (+4).
   Dex:       It affects your dexterity (-3).
   rF:        It makes you vulnerable to fire.
   rC:        It protects you from cold.
 e - a +3 ring of protection (on tentacle)
 o - a ring of ice (on tentacle)
Scrolls
 f - 3 scrolls of identify {unknown}
 i - 2 scrolls of teleportation {unknown}
 l - a scroll of vulnerability {unknown}
 m - a scroll of enchant weapon {unknown}
 n - a scroll of fog {unknown}
 p - 3 scrolls of magic mapping {unknown}
 s - a scroll of fear {unknown}
 t - 2 scrolls of amnesia {unknown}
 u - a scroll of torment {unknown}
Potions
 a - a potion of magic
 b - a potion of flight {unknown}
 g - a potion of degeneration {unknown}
 h - 2 potions of might {unknown}
 j - 4 potions of curing {unknown}
 r - a potion of heal wounds {unknown}
 v - a potion of mutation
 w - a potion of resistance {unknown}
 x - a potion of invisibility {unknown}


   Skills:
 - Level 2.0 Dodging
 + Level 5.0 Stealth
 - Level 2.0 Spellcasting
 + Level 6.0 Ice Magic


You had 2 spell levels left.
You knew the following spells:

 Your Spells              Type           Power      Damage    Failure   Level
a - Freeze                Ice            100%       1d10      1%          1
b - Ensorcelled Hibernat  Hex/Ice        100%       N/A       4%          2
c - Frozen Ramparts       Ice            100%       1d16      2%          3

Your spell library contained the following spells:

 Spells                   Type           Power      Damage    Failure   Level
 Shock                    Conj/Air       8%         1d3       10%         1
 Sting                    Tmut/Pois      8%         1d3       10%         1
 Passwall                 Tmut/Erth      1%         N/A       14%         2
 Poisonous Vapours        Pois/Air       4%         N/A       14%         2
 Ozocubu's Armour         Ice            87%        N/A       2%          3
 Swiftness                Air            2%         N/A       28%         3
 Summon Ice Beast         Ice/Summ       59%        N/A       28%         4
 Airstrike                Air            1%         2d(1-17)  67%         4
 Olgreb's Toxic Radiance  Pois           2%         N/A       67%         4


Dungeon Overview and Level Annotations

Branches:
Dungeon (4/15) Zot: 21762
 Temple: D:4-7

Altars:
The Shining One

Shops:
D:1 =


Innate Abilities, Weirdness & Mutations

You cannot wear most types of armour.
You are amphibious.
You can wear up to eight rings at the same time.
Your skin changes colour to match your surroundings (Stealth+).
Your rubbery body absorbs attacks. (AC +1, EV +1)
((You are camouflaged when in or above water. (Stealth+)))
You have tentacles for arms and can constrict up to eight enemies at once.
You have supernaturally acute eyesight. (SInv)
Your mind is acute. (Int +4, Str/Dex -1)
Your system is resistant to poisons. (rPois)


Message History

The phantom is severely damaged.
The phantom completely resists.
The wall freezes the phantom but does no damage.
The phantom closely misses you.
You hit the phantom but do no damage.
The phantom is severely damaged.
The phantom resists.
The wall freezes the phantom.
The phantom barely misses you.
You miss the phantom. Your squeeze misses the phantom.
The phantom is almost destroyed.
The phantom resists.
The wall freezes the phantom.
The phantom hits you.
The phantom blinks!
You blink.
The frozen ramparts melt away as you move.
You take 2 damage, and have 14/31 hp.
You see here a golden potion.
The phantom hits you.
The phantom blinks!
You blink.
The phantom attacks as you move away!
The phantom hits you but does no damage.
You hit the phantom but do no damage.
The phantom is severely damaged.
The phantom hits you.
You take 2 damage, and have 13/31 hp.
You closely miss the phantom.
The phantom is severely damaged.
The phantom closely misses you.
You closely miss the phantom.
The phantom is severely damaged.
The phantom completely misses you.
You hit the phantom. Your squeeze misses the phantom.
The phantom is almost destroyed.
The phantom hits you.
You take 4 damage, and have 10/31 hp.
The phantom attacks as you move away! The phantom hits you.
* * * LOW HITPOINT WARNING * * *
You take 5 damage, and have 5/31 hp.
The phantom hits you.
* * * LOW HITPOINT WARNING * * *
You take 3 damage, and have 2/31 hp.
The phantom attacks as you move away! The phantom hits you.
You die...

############
#..........#
#..........#
#.....$....#
#@.........#
#.W...<....##
#.......$.?.#
#...........##
#.!..<......[..
############.##
#


You could see a phantom.

Vanquished Creatures
  A crimson imp (D:3)
  A hound (D:3)
  4 gnolls (D:2)
  3 adders
  A worm (D:2)
  3 ball pythons
  3 bats
  4 endoplasms (D:1)
  3 giant cockroaches
  3 goblins
  4 hobgoblins (D:2)
  4 quokkas
  A frilled lizard (D:2)
  A goblin skeleton (D:3)
  A hobgoblin zombie (D:3)
  4 kobolds (D:1)
  4 kobold skeletons (D:3)
  2 orc zombies (D:3)
  8 rats
55 creatures vanquished.

Notes
Turn   | Place    | Note
-------+----------+-------------------------------------------
     0 | D:1      | Psyclone the Octopode Ice Elementalist began the quest for
                  | the Orb.
     0 | D:1      | Reached XP level 1. HP: 11/11 MP: 3/3
    29 | D:1      | Found Quisut's One-of-a-Kind Rings.
    41 | D:1      | Identified a scroll of acquirement
    41 | D:1      | Acquired 988 gold pieces
    66 | D:1      | Bought the ring "Hegaahoc" {Ice Stlth+} for 348 gold pieces
    66 | D:1      | Bought the ring of Motirroe {Ice Int+4 Dex-3} for 341 gold
                  | pieces
    66 | D:1      | Bought a +3 ring of protection for 210 gold pieces
   201 | D:1      | Reached XP level 2. HP: 17/17 MP: 3/5
   557 | D:1      | Learned a level 2 spell: Ensorcelled Hibernation
   682 | D:1      | Reached XP level 3. HP: 13/21 MP: 6/6
   718 | D:1      | Gained mutation: Your mind is acute. (Int +4, Str/Dex -1)
                  | [potion of mutation]
   718 | D:1      | Gained mutation: Your system is resistant to poisons.
                  | (rPois) [potion of mutation]
   718 | D:1      | Gained mutation: You have supernaturally acute eyesight.
                  | (SInv) [potion of mutation]
   832 | D:2      | Reached skill level 5 in Ice Magic
  1073 | D:2      | Identified the +10 flail of Cyff {venom, rPois rC- Int+3
                  | Dex+3}
  1306 | D:2      | Learned a level 3 spell: Frozen Ramparts
  1308 | D:2      | Reached XP level 4. HP: 27/27 MP: 3/7
  1681 | D:3      | Found a faded altar of an unknown god.
  1837 | D:3      | Reached XP level 5. HP: 28/31 MP: 2/8
  2027 | D:3      | Found a glowing golden altar of the Shining One.
  2045 | D:3      | Reached skill level 5 in Stealth
  2045 | D:3      | Reached skill level 6 in Ice Magic
  2211 | D:4      | Noticed a phantom
  2241 | D:4      | Slain by a phantom

Illustrated notes

Levels and vault maps discovered:
D:1:      amcnicky_arrival_single_pillar, layout_basic,
          nicolae_shop_unique_rings
D:2:      layout_loops_ring, minmay_misc_feat_x
D:3:      layout_rooms, nicolae_tso_besieged_by_evil,
          dreamdust_ecumenical_altar_grove
D:4:      layout_rooms, grunt_temple_overflow_open, serial_bayou_lake_a

Skill      XL: |  1  2  3  4  5 |
---------------+----------------+-----
Ice Magic      | 5 6 |  6.0
Stealth        | 3 4 5 |  5.0
Dodging        | |  2.0
Spellcasting   | |  2.0

Action                     |  1- 3 |  4- 6 || total
---------------------------+-------+-------++-------
  Melee: Unarmed           |     4 |       ||     4
         Constrict         |    12 |    10 ||    22
         Tentacles         |    12 |     9 ||    21
         Dagger            |    32 |    42 ||    74
         Punch             |       |     1 ||     1
   Cast: Freeze            |    20 |     1 ||    21
         Ensorcelled Hiber |     5 |     1 ||     6
         Frozen Ramparts   |     1 |     8 ||     9
    Use: Scroll            |     1 |       ||     1
         Potion            |     1 |       ||     1
   Stab: Sleeping          |     9 |     4 ||    13
 Armour: Skin              |     6 |    10 ||    16
  Dodge: Dodged            |    21 |    22 ||    43
